 Dungeon Crawl Stone Soup version 0.15.2 (webtiles) character file.

3535 bullock the Conjurer (level 10, -4/56 HPs)
             Began as a Gargoyle Wizard on Nov 21, 2014.
             Slain by a warg (6 damage)
             ... on Level 8 of the Dungeon.
             The game lasted 00:28:24 (9855 turns).

bullock the Conjurer (Gargoyle Wizard)              Turns: 9855, Time: 00:28:24

HP  -4/56        AC 18     Str 11      XL: 10   Next:  8%
MP   1/25        EV 15     Int 22      God:
Gold 468         SH  0     Dex 12 (13) Spells:  5 memorised, 12 levels left

rFire  . . .     SeeInvis .     I - +0 mace (protect)
rCold  . . .     Clarity  .     s - +1 leather armour
rNeg   + . .     rCorr    .     (no shield)
rPois  +         rRot     +     k - +1 hat
rElec  +         Spirit   .     (no cloak)
SustAb .         Warding  .     (no gloves)
rMut   .         Stasis   .     i - +0 pair of boots
Gourm  .                        (no amulet)
MR     .....                    (no ring)
                                (no ring)

@: agile, repel missiles, not resistant to hostile enchantments, fairly stealthy
A: negative energy resistance 1, electricity resistance, unbreathing,
petrification resistance, rot immunity, AC +7
a: no special abilities


You were on level 8 of the Dungeon.
You were hungry.

You visited 1 branch of the dungeon, and saw 8 of its levels.

You collected 468 gold pieces.

Inventory:

Hand weapons
 I - a +0 mace of protection (weapon)
Armour
 i - a +0 pair of boots (worn)
 k - a +1 hat (worn)
 s - a +1 leather armour (worn)
Magical devices
 x - a wand of fireball (0)
 A - a wand of digging (8)
 E - a wand of magic darts (0)
 J - a wand of polymorph (2)
Comestibles
 d - 4 bread rations
 n - 2 slices of pizza
 p - 2 royal jellies
 q - 3 meat rations
 K - 3 chunks of ogre flesh
Scrolls
 e - 3 scrolls of enchant armour
 h - a scroll of teleportation
 m - a scroll of recharging {unknown}
 t - 4 scrolls of noise {unknown}
 u - 2 scrolls of fear {unknown}
 y - 3 scrolls of amnesia {unknown}
 C - 3 scrolls of identify
 D - 2 scrolls of enchant weapon {unknown}
 H - a scroll of remove curse
Potions
 a - 4 potions of berserk rage
 b - 2 potions of cure mutation {unknown}
 f - 2 potions of curing {unknown}
 g - 2 potions of magic
 j - 2 potions of mutation
 l - a potion of poison {unknown}
 o - a potion of brilliance {unknown}
 r - a potion of haste {unknown}
 v - 5 potions of heal wounds {unknown}
 w - a potion of restore abilities {unknown}
 B - a potion of invisibility {unknown}
 F - a potion of agility
 G - 2 potions of degeneration {unknown}
Books
 c - a book of Minor Magic

   Spells                             Type                      Level
   *Magic Dart                        Conjuration                  1
   *Blink                             Translocation                2
   Call Imp                           Summoning                    2
   *Repel Missiles                    Charms/Air                   2
   Slow                               Hexes                        2
   *Conjure Flame                     Conjuration/Fire             3
   *Mephitic Cloud                    Conjuration/Poison/Air       3


   Skills:
 + Level 4.0 Fighting
 - Level 1.5 Dodging
 - Level 2.1 Stealth
 + Level 7.2 Spellcasting
 + Level 9.8 Conjurations
   Level 0.8 Summonings
 * Level 5.3 Translocations
 + Level 4.0 Evocations


You had 12 spell levels left.
You knew the following spells:

 Your Spells              Type           Power        Failure   Level  Hunger
a - Magic Dart            Conj           ####         1%          1    None
f - Conjure Flame         Conj/Fire      ####....     3%          3    #......
q - Blink                 Tloc           N/A          1%          2    None
r - Mephitic Cloud        Conj/Pois/Air  ###.....     8%          3    #......
v - Repel Missiles        Chrm/Air       #.....       14%         2    None


Dungeon Overview and Level Annotations

Branches:
Dungeon (8/15)             Temple (0/1) D:6
   Lair: D:8-11

Altars:
Fedhas
Nemelex Xobeh
Okawaru

Shops:
D:5 %


Innate Abilities, Weirdness & Mutations

You are resistant to torment.
You are immune to poison.
Your stone body is very resilient (AC +7).
You resist negative energy.
You are resistant to electric shocks.
You can survive without breathing.
You are immune to petrification.
You are immune to rotting.


Message History

The warg bites you!
The warg pauses to sniff the ground.
The orc is engulfed in noxious fumes.
The orc appears confused.
The warg bites you but does no damage.
The orc is engulfed in noxious fumes.
The orc appears confused.
Evoke which item? (* to show all) (? for menu, Esc to quit)
Zapping:
J - a glowing silver wand {zapped: 16} {tried by monster}
Press: ? - help, Shift-Dir - straight line, f/p - warg
Aim: a warg (lightly wounded)
The warg easily resists.
J - a wand of polymorph {zapped: 17} The warg bites you!
* * * LOW HITPOINT WARNING * * *
The orc is engulfed in noxious fumes.
The orc appears confused.
The warg bites you!
* * * LOW HITPOINT WARNING * * *
Drink which item? (? for menu, Esc to quit)
You feel agile all of a sudden. The warg bites you.
You die...

#.........#########.####
#...................#..<
#.........############.#
..#####.###.### #.
.............# #.
#............# #.
#...........# #.
#..###.###.## #. # #.#
#@# #.
.....##.###h######## .
............h.......#
.###..#.###.######.#
##.#.###ยง######.# #
..#..........#
#..#.#o####....
#..#.#......... ##.#
#.####.###


You could see 2 wargs and an orc (confused).

Vanquished Creatures
  Grinder (D:3)
  Prince Ribbit (D:8)
  A deep elf mage (D:7)
  A warg (D:8)
  The ghost of blami the Skirmisher, an average HaAK of Lugonu (D:3)
  2 sky beasts
  2 orc warriors
  An ice beast (D:5)
  A black bear (D:6)
  5 ogres
  A centaur (D:6)
  Blork the orc (D:8)
  3 giant frogs
  2 scorpions
  3 crimson imps
  A goliath beetle (D:7)
  3 hounds
  A lava snake (D:7)
  2 quasits (D:8)
  A jelly (D:6)
  A centaur skeleton (D:8)
  A two-headed ogre zombie (D:7)
  7 worker ants
  4 orc priests
  An iguana (D:7)
  8 orc wizards
  A big kobold zombie (D:6)
  A mummy (D:7)
  11 gnolls
  8 adders
  A shadow imp (D:6)
  2 giant mites
  A goliath beetle zombie (D:7)
  4 worms
  7 giant geckos
  3 oozes
  35 orcs
  2 giant cockroaches
  12 goblins
  11 hobgoblins
  16 jackals
  4 quokkas
  13 bats
  5 giant newts
  A hobgoblin skeleton (D:4)
  12 kobolds
  An orc skeleton (D:6)
  A quokka zombie (D:8)
  28 rats
236 creatures vanquished.

Notes
Turn   | Place    | Note
--------------------------------------------------------------
     0 | D:1      | bullock, the Gargoyle Wizard, began the quest for the Orb.
     0 | D:1      | Reached XP level 1. HP: 10/10 MP: 4/4
   231 | D:1      | Reached XP level 2. HP: 12/15 MP: 0/6
   293 | D:1      | Learned a level 2 spell: Blink
   296 | D:1      | Learned a level 2 spell: Repel Missiles
   851 | D:1      | Reached XP level 3. HP: 19/19 MP: 5/8
   856 | D:1      | Learned a level 3 spell: Conjure Flame
  1703 | D:2      | Reached XP level 4. HP: 24/24 MP: 2/10
  2351 | D:3      | Noticed blami's ghost (average HaAK)
  2544 | D:3      | Killed blami's ghost
  2544 | D:3      | Reached skill level 4 in Spellcasting
  2544 | D:3      | Reached skill level 5 in Conjurations
  2544 | D:3      | Reached XP level 5. HP: 22/28 MP: 7/13
  2615 | D:3      | Learned a level 3 spell: Mephitic Cloud
  2637 | D:3      | Reached XP level 6. HP: 32/32 MP: 11/15
  2860 | D:3      | Noticed Grinder
  2871 | D:3      | Killed Grinder
  2871 | D:3      | Reached skill level 6 in Conjurations
  2871 | D:3      | Reached XP level 7. HP: 28/36 MP: 5/18
  3363 | D:4      | Reached skill level 5 in Spellcasting
  3708 | D:4      | Reached skill level 7 in Conjurations
  4227 | D:4      | Found a blossoming altar of Fedhas.
  4700 | D:4      | Reached XP level 8. HP: 38/41 MP: 14/20
  4951 | D:5      | Entered Level 5 of the Dungeon
  4957 | D:5      | Reached skill level 8 in Conjurations
  5894 | D:5      | Reached skill level 1 in Translocations
  5922 | D:5      | Reached skill level 1 in Fighting
  6202 | D:5      | Found Iluit's Food Shoppe.
  6367 | D:6      | Reached skill level 9 in Conjurations
  6373 | D:6      | Reached skill level 1 in Evocations
  6453 | D:6      | Reached XP level 9. HP: 48/48 MP: 4/23
  7211 | D:6      | Found a staircase to the Ecumenical Temple.
  7311 | D:6      | Found a sparkling altar of Nemelex Xobeh.
  8886 | D:7      | Found an iron altar of Okawaru.
  9212 | D:8      | Noticed Blork the orc
  9223 | D:8      | Noticed Prince Ribbit
  9242 | D:8      | Killed Prince Ribbit
  9251 | D:8      | Killed Blork the orc
  9380 | D:8      | Reached skill level 5 in Translocations
  9665 | D:8      | Reached XP level 10. HP: 47/56 MP: 15/25
  9854 | D:8      | HP: 2/56 [warg (10)]
  9855 | D:8      | Slain by a warg

Action                   |  1- 3 |  4- 6 |  7- 9 | 10-12 || total
-------------------------+-------+-------+-------+-------++-------
Melee: Unarmed           |     3 |       |       |       ||     3
       Dagger            |    29 |       |    12 |       ||    41
       Falchion          |     5 |    10 |       |       ||    15
       Hand axe          |       |       |   106 |       ||   106
       Mace              |       |       |    40 |    11 ||    51
 Cast: Magic Dart        |    98 |    76 |   470 |    35 ||   679
       Repel Missiles    |     2 |       |     2 |       ||     4
       Blink             |       |     3 |     6 |       ||     9
       Conjure Flame     |       |     1 |     7 |     1 ||     9
       Mephitic Cloud    |       |       |    24 |     3 ||    27
Evoke: Wand              |       |       |     4 |     1 ||     5
  Use: Scroll            |       |       |     9 |       ||     9
       Potion            |       |       |       |     1 ||     1
 Stab: Confused          |       |       |     4 |       ||     4
  Eat: Chunk             |     2 |     4 |    21 |     1 ||    28
